 Dungeon Crawl Stone Soup version 0.18-a0-900-gbbf5c82 (webtiles) character file.

613 deanyohobro the Covered (level 7, -21/66 HPs)
             Began as a Deep Dwarf Fighter on Dec 24, 2015.
             Killed from afar by a kobold (23 damage)
             ... with an exploding inner flame
             ... hexed by the player character
             ... on level 4 of the Dungeon.
             The game lasted 00:09:49 (2122 turns).

deanyohobro the Covered (Deep Dwarf Fighter)        Turns: 2122, Time: 00:09:49

Health: -21/66     AC:  6    Str: 27    XL:     7   Next: 20%
Magic:  7/7        EV: 11    Int:  8    God:
Gold:   211        SH: 12    Dex: 12    Spells: 0 memorised, 6 levels left

rFire  . . .     SeeInvis +     E - +1 whip (freeze)
rCold  . . .     Gourm    .     g - +3 leather armour
rNeg   . . .     Faith    .     c - +1 shield
rPois  .         Spirit   .     (no helmet)
rElec  .         Dismiss  .     (no cloak)
rCorr  .         Reflect  .     (no gloves)
SustAt .         Harm     .     (no boots)
MR     +....                    (no amulet)
Stlth  +.........               (no ring)
                                w - ring of see invisible

@: mighty, non-regenerating, somewhat resistant to hostile enchantments, very
unstealthy
A: damage resistance, recharge devices, sense surroundings 1, slow regeneration
3
a: Device Recharging


You were on level 4 of the Dungeon.
You were not hungry.

You visited 1 branch of the dungeon, and saw 4 of its levels.

You collected 211 gold pieces.

Inventory:

Hand Weapons
 x - a +2 dagger of pain
 E - a +1 whip of freezing (weapon)
Armour
 c - a +1 shield (worn)
 g - a +3 leather armour (worn)
Jewellery
 b - an uncursed ring of fire
 p - an uncursed ring of fire
 q - an uncursed ring of ice
 w - a ring of see invisible (left hand)
Wands
 e - a wand of heal wounds (3/9)
 F - a wand of paralysis (0/24)
Scrolls
 h - 2 scrolls of amnesia
 i - 5 scrolls of remove curse
 j - 6 scrolls of identify
 l - a scroll of magic mapping {unknown}
 m - 2 scrolls of teleportation
 n - a scroll of fear {unknown}
 t - a scroll of fog {unknown}
 u - a scroll of immolation
 v - 4 scrolls of enchant armour
 y - a scroll of random uselessness {unknown}
Potions
 k - 2 potions of curing {unknown}
 o - 2 potions of flight {unknown}
 r - a potion of mutation {unknown}
 s - a potion of heal wounds {unknown}
 B - a potion of beneficial mutation {unknown}
 C - a potion of lignification {unknown}
 D - a potion of magic {unknown}
Comestibles
 f - 3 bread rations
 z - a slice of pizza
 A - 3 chunks of flesh


   Skills:
 + Level 4.3 Fighting
   Level 2.0 Long Blades
 + Level 0.0 Maces & Flails
 + Level 5.3 Armour
 + Level 4.2 Dodging
 + Level 5.3 Shields


You had 6 spell levels left.
You didn't know any spells.

Dungeon Overview and Level Annotations

Branches:
Dungeon (4/15)
 Temple: D:4-7

Altars:
Elyvilon


Innate Abilities, Weirdness & Mutations

You are resistant to damage.
You can recharge devices by infusing magical energy.
You passively map a small area around you.
You do not regenerate naturally.


Message History

The kobold hits you but does no damage.
An adder comes into view.
You whack Edmund! You freeze Edmund.
Edmund is almost dead.
Edmund hits you with a dire flail. The orc closely misses you.
You block the kobold's attack.
You barely miss Edmund.
Edmund is almost dead.
You block Edmund's attack. The orc hits you but does no damage.
You block the kobold's attack.
You hit Edmund. You freeze Edmund.
Edmund explodes!
The fiery explosion engulfs the kobold.
The kobold explodes!
The fiery explosion engulfs the orc.
The orc explodes!
The fiery explosion engulfs you!
* * * LOW HITPOINT WARNING * * *
The fiery explosion engulfs you!
You die...

* , , , ######
#..* ,
####<...###.. *
,
............###
*
##..........(.#
#..............
,
#..............
#....%.........
..#
#...§§@.§.....
#..
#...§§§§§.....
..
#....§§§§.....
.#
##....S.......,
.*
#............ *
# #...........#
* #
##.........##
#....?..### # ,


You could see an adder.

Vanquished Creatures
  Pikel (D:4)
  A slave (D:4)
  An iguana (D:4)
  5 adders
  An ooze (D:1)
  A worm (D:3)
  A giant gecko (D:2)
  5 orcs
  6 bats
  A giant cockroach (D:1)
  6 goblins
  3 hobgoblins
  7 kobolds
  A ball python (D:3)
  3 giant newts
  7 rats
50 creatures vanquished.

Vanquished Creatures (others)
  A phantom (D:4)
1 creature vanquished.

Grand Total: 51 creatures vanquished

Notes
Turn   | Place    | Note
--------------------------------------------------------------
     0 | D:1      | deanyohobro the Deep Dwarf Fighter began the quest for the Orb.
     0 | D:1      | Reached XP level 1. HP: 20/20 MP: 1/1
   102 | D:1      | Reached XP level 2. HP: 24/27 MP: 2/2
   140 | D:1      | Reached skill level 1 in Dodging
   805 | D:2      | Reached XP level 3. HP: 26/34 MP: 3/3
  1255 | D:2      | Found a white marble altar of Elyvilon.
  1551 | D:3      | Reached XP level 4. HP: 35/42 MP: 4/4
  1705 | D:3      | Reached skill level 4 in Armour
  1976 | D:4      | Noticed a slave
  1993 | D:4      | Killed a slave
  2000 | D:4      | Noticed a slave
  2000 | D:4      | Noticed a phantom
  2001 | D:4      | Noticed Pikel
  2001 | D:4      | Noticed a slave
  2001 | D:4      | Noticed a slave
  2001 | D:4      | Paralysed by Pikel for 6 turns
  2021 | D:4      | Killed Pikel
  2021 | D:4      | Reached skill level 5 in Armour
  2021 | D:4      | Reached skill level 5 in Shields
  2021 | D:4      | Reached XP level 5. HP: 32/50 MP: 5/5
  2021 | D:4      | Reached XP level 6. HP: 36/57 MP: 6/6
  2021 | D:4      | Reached XP level 7. HP: 40/64 MP: 7/7
  2109 | D:4      | Noticed Edmund
  2122 | D:4      | Killed Edmund
  2122 | D:4      | HP: 2/64 [orc/exploding inner flame[the player character] (26)]
  2122 | D:4      | Killed from afar by a kobold

Vault maps used:
D:1:      onia_arrival_mini_spirals, st_stairs_4
D:2:      lemuel_crystal_altar
D:3:      first_bread, corexii_leaking_fountain
D:4:      amethyst_killhole, uniq_edmund, uniq_blork_the_orc, uniq_pikel

Action                   |  1- 3 |  4- 6 |  7- 9 || total
-------------------------+-------+-------+-------++-------
Melee: Long sword        |    75 |       |       ||    75
       Dagger            |    38 |    88 |     8 ||   134
       Whip              |       |       |    12 ||    12
Evoke: Wand              |     1 |     1 |       ||     2
  Use: Scroll            |     3 |       |     3 ||     6
       Potion            |       |     1 |     1 ||     2
  Eat: Chunk             |     2 |     2 |       ||     4
